 Dungeon Crawl Stone Soup version 0.28-a0-1312-g71652a0310 (webtiles) character file.

Game seed: 14991749015634193570

254 quinnr the Zephyrmancer (level 6, 0/34 HPs)
             Began as a Tengu Air Elementalist on Dec 26, 2021.
             Slain by an orc (6 damage)
             ... on level 3 of the Dungeon on Dec 28, 2021.
             The game lasted 00:13:03 (4033 turns).

quinnr the Zephyrmancer (Tengu Air Elementalist)    Turns: 4033, Time: 00:13:04

Health: 0/34       AC:  2    Str:  8    XL:     6   Next: 14%
Magic:  0/11       EV: 14    Int: 17    God:
Gold:   112        SH:  0    Dex: 15    Spells: 6/11 levels left

rFire   . . .      SeeInvis .   l - +2 dagger (elec)
rCold   . . .      Faith    .   (no shield)
rNeg    . . .      Spirit   .   a - +0 robe
rPois   .          Reflect  .   (helmet restricted)
rElec   .          Harm     .   (no cloak)
rCorr   .          Rampage  .   (no gloves)
Will    .....                   (boots unavailable)
Stlth   ++........              (no amulet)
HPRegen 0.11/turn               (no ring)
MPRegen 0.12/turn               (no ring)

@: flying quickly and evasively, quick
A: beak, talons 3, nimble flight
a: no special abilities


You were on level 3 of the Dungeon.
You visited 1 branch of the dungeon, and saw 3 of its levels.

You collected 112 gold pieces.

Inventory:

Hand Weapons
 l - a +2 dagger of electrocution (weapon)
Armour
 a - a +0 robe (worn)
 j - a +0 pair of gloves
Jewellery
 b - a ring of fire
Wands
 m - a wand of acid (12)
Scrolls
 d - a scroll of fear {unknown}
 f - a scroll of vulnerability {unknown}
Potions
 c - a potion of haste {unknown}
 e - a potion of brilliance {unknown}
 g - a potion of ambrosia {unknown}
 h - 4 potions of mutation {unknown}
 i - a potion of lignification {unknown}
 k - a potion of attraction {unknown}


   Skills:
 - Level 1.0 Fighting
 - Level 2.1 Dodging
 - Level 2.0 Stealth
 - Level 3.0 Spellcasting
 - Level 1.3 Conjurations
 + Level 8.0 Air Magic


You had 6 spell levels left.
You knew the following spells:

 Your Spells              Type           Power      Damage    Failure   Level
a - Shock                 Conj/Air       72%        1d7       2%          1
b - Airstrike             Air            14%        N/A       6%          4

Your spell library contained the following spells:

 Spells                   Type           Power      Damage    Failure   Level
 Swiftness                Air            29%        N/A       1%          3
 Static Discharge         Conj/Air       18%        N/A       3%          2
 Beastly Appendage        Tmut           4%         N/A       17%         1
 Blink                    Tloc           4%         N/A       26%         2
 Wereblood                Tmut           2%         N/A       26%         2
 Lesser Beckoning         Tloc           2%         N/A       45%         3
 Spider Form              Tmut/Pois      2%         N/A       45%         3
 Manifold Assault         Tloc           2%         N/A       99%         5


Dungeon Overview and Level Annotations

Branches:
Dungeon (3/15)

Altars:


Innate Abilities, Weirdness & Mutations

You have a beak for a mouth.
You have claws for feet.
Your magical nature lets you fly swiftly and evasively.


Message History

An orc is nearby!
The zap hits the orc.
The orc is heavily wounded.
An orc is nearby!
The zap misses the orc.
An orc comes into view.
It is wielding the +8 dagger "Ilaas" {holy, rElec Dex+2}.
There are monsters nearby!
The zap misses the orc.
There are monsters nearby!
The zap hits the orc.
The orc is severely wounded.
There are monsters nearby!
The zap hits the orc.
The orc is almost dead.
The zap misses the orc.
The zap hits the orc.
The orc completely resists.
The orc hits you with a +0 morningstar.
There are monsters nearby!
The zap hits the orc.
You kill the orc!
The zap hits the orc.
The orc resists.
The orc is moderately wounded.
An orc is nearby!
The zap hits the orc.
The orc completely resists.
The orc is moderately wounded.
An orc is nearby!
The zap hits the orc.
The orc resists.
The orc is heavily wounded.
An orc is nearby!
The zap misses the orc.
The orc hits you with the +8 dagger "Ilaas" {holy, rElec Dex+2}!
An orc is nearby!
The zap hits the orc.
The orc completely resists.
The orc is heavily wounded.
The orc hits you with the +8 dagger "Ilaas" {holy, rElec Dex+2}!
You are too injured to fight recklessly!
Unknown command.
The orc hits you with the +8 dagger "Ilaas" {holy, rElec Dex+2}!
* * * LOW HITPOINT WARNING * * *
The orc hits you with the +8 dagger "Ilaas" {holy, rElec Dex+2}.
You die...

#............≈≈≈≈≈≈≈≈≈≈♣.#
#............≈≈≈≈≈≈≈≈≈≈@.#
#.............#≈♣≈PP♣≈≈.##
#...............♣♣≈ ♣.....
#................≈ ###...
#............#########..)#
#.............##..........
####..........##..........
#(....@...........#.###
#....?o....##.......#
#..........##...†.###
##........###...<.#
##......## #.....#
######## #.....# #.....#
#.....# #######


You could see an orc.

Vanquished Creatures
  An ice beast (D:3)
  A jelly (D:2)
  Jessica (D:3)
  Ijyb (D:3)
  2 adders
  2 worms
  A dart slug (D:2)
  2 orcs (D:3)
  4 ball pythons
  6 bats
  2 endoplasms
  3 giant cockroaches
  5 goblins
  2 hobgoblins
  7 jackals
  4 quokkas
  A frilled lizard (D:1)
  8 kobolds
  2 rats (D:1)
55 creatures vanquished.

Vanquished Creatures (others)
  24 plants
24 creatures vanquished.

Grand Total: 79 creatures vanquished

Notes
Turn   | Place    | Note
-------+----------+-------------------------------------------
     0 | D:1      | quinnr the Tengu Air Elementalist began the quest for the
                  | Orb.
     0 | D:1      | Reached XP level 1. HP: 10/10 MP: 4/4
   106 | D:1      | Upgraded the game from 0.28-a0-1286-g6bde065e89 to
                  | 0.28-a0-1312-g71652a0310
   272 | D:1      | Reached XP level 2. HP: 15/15 MP: 4/6
   595 | D:1      | Reached skill level 5 in Air Magic
   681 | D:1      | Found a faded altar of an unknown god.
  1130 | D:2      | Found the +5 robe of Misfortune {Contam Harm *Corrode Drain
                  | *Slow EV+5}
  1201 | D:2      | Reached skill level 1 in Fighting
  1201 | D:2      | Reached XP level 3. HP: 14/20 MP: 2/7
  1400 | D:2      | Reached XP level 4. HP: 25/25 MP: 3/8
  2548 | D:3      | Noticed Jessica
  2789 | D:2      | Learned a level 4 spell: Airstrike
  2886 | D:3      | Noticed Ijyb
  2973 | D:3      | Reached skill level 6 in Air Magic
  3479 | D:3      | Killed Jessica
  3480 | D:3      | Gained mutation: Your magical nature lets you fly swiftly
                  | and evasively. [Tengu growth]
  3480 | D:3      | Reached XP level 5. HP: 15/29 MP: 4/10
  3659 | D:3      | Killed Ijyb
  3813 | D:3      | Noticed an ice beast
  3824 | D:3      | Killed an ice beast
  3825 | D:3      | Reached skill level 7 in Air Magic
  3825 | D:3      | Reached XP level 6. HP: 34/34 MP: 1/11
  3921 | D:3      | Reached skill level 8 in Air Magic
  4023 | D:3      | Identified the +8 dagger "Ilaas" {holy, rElec Dex+2}
  4033 | D:3      | Slain by an orc

Illustrated notes

Levels and vault maps discovered:
D:1:      ncdulo_smallfort, layout_basic,
          shapermc_ecumenical_altar_mp_ritualfount, minmay_tetromino_s2
D:2:      layout_rooms, chequers_serial_rivers_small_b
D:3:      layout_rooms, serial_bayou_lake_a, uniq_ijyb, uniq_jessica

Skill      XL: |  1  2  3  4  5  6 |
---------------+-------------------+-----
Air Magic      | 5 6 7 8 |  8.0
Fighting       | 1 |  1.0
Spellcasting   | 3 |  3.0
Dodging        | |  2.1
Stealth        | |  2.0
Conjurations   | |  1.3

Action                   |  1- 3 |  4- 6 || total
-------------------------+-------+-------++-------
Melee: Unarmed           |     7 |       ||     7
       Kick              |     1 |       ||     1
       Dagger            |       |     1 ||     1
 Cast: Shock             |    55 |    93 ||   148
       Airstrike         |       |     5 ||     5
Armor: Robe              |     3 |     4 ||     7
Dodge: Dodged            |    10 |    19 ||    29

Table legend: (Time is in decaauts)
 A = Elapsed time spent in this place.
 B = Non-inter-level travel time spent in this place.
 C = Inter-level travel time spent in this place.
 D = Time resting spent in this place.
 E = Time spent auto-exploring this place.
 F = Levels seen in this place.
 G = Mean time per level.
                   A        B        C        D        E       F      G
               +--------+--------+--------+--------+--------+-----+--------+
         Total |   4031 |   3874 |    157 |   1323 |   2041 |   3 | 1343.7 |
       Dungeon |   4031 |   3874 |    157 |   1323 |   2041 |   3 | 1343.7 |
               +--------+--------+--------+--------+--------+-----+--------+

Top non-repeatable levels by time:
     D:1: 1690 daAuts
     D:2: 1598 daAuts
     D:3: 742 daAuts
